 Dungeon Sprint DCSS version 0.32-a0-666-ge8a88695a4 (webtiles) character file.

Game seed: 8550312637533318862

2466 adelrune the Basher (level 9, -7/78 HPs)
             Began as a Formicid Fighter on Mar 9, 2024.
             Was a Priest of Cheibriados.
             Mangled by a manticore (11 damage)
             ... in the Dungeon (Sprint IX: "|||||||||||||||||||||||||||||").
             The game lasted 00:02:00 (482 turns).

adelrune the Basher (Formicid Fighter)               Turns: 482, Time: 00:02:00

Health: -7/78      AC: 25    Str: 33    XL:     9   Next: 80%
Magic:  10/14      EV: 13    Int: 19    God:    Cheibriados [***...]
Gold:   0          SH:  8    Dex: 21    Spells: 8/8 levels left

rFire   . . .        k - +2 morningstar (protect)
rCold   . . .        c - +0 buckler
rNeg    . . .        m - +0 plate armour
rPois   .            (helmet unavailable)
rElec   .            (no cloak)
rCorr   .            l - +0 pair of gloves
SInv    +            (no boots)
Will    .....        (no amulet) Stlth
                     o - +2 ring of protection
HPRegen 0.33/turn    n - +3 ring of intelligence
MPRegen 0.14/turn

%: no passive effects
@: under a protective aura, very slow
A: permanent stasis, dig shafts and tunnels, antennae 3, four strong arms
a: Dig, Renounce Religion, Bend Time, Temporal Distortion


You were in the Dungeon.
You worshipped Cheibriados.
Cheibriados was most pleased with you.
You visited 1 branch

Inventory:

Hand Weapons
 a - a +0 flail
 k - a +2 morningstar of protection (weapon)
Armour
 b - a +0 scale mail
 c - a +0 buckler (worn)
 l - a +0 pair of gloves (worn)
 m - a +0 plate armour (worn)
Jewellery
 n - a +3 ring of intelligence (right hand)
 o - a +2 ring of protection (left hand)
Wands
 j - a wand of acid (10)
Scrolls
 i - 2 scrolls of amnesia
Potions
 d - a potion of might
 e - 5 potions of curing
 g - 4 potions of magic


   Skills:
 + Level 10.0 Fighting
 * Level 12.1 Maces & Flails
 + Level 10.0 Armour
 + Level 7.5 Dodging
 + Level 11.5 Shields
 + Level 7.0 Invocations


You had 8 spell levels left.
You didn't know any spells.
Your spell library was empty.

Dungeon Overview and Level Annotations

Branches:
Dungeon (1/1)

Altars:
Cheibriados
Dithmenos
Elyvilon
Fedhas
Gozag
Hepliaklqana
Kikubaaqudgha
Makhleb
Nemelex Xobeh
Okawaru
Qazlal
Ru
Sif Muna
Trog
Uskayaw
Vehumet
Wu Jian
Xom
Yredelemnul
Zin
The Shining One
Beogh
Jiyva
Lugonu


Innate Abilities, Weirdness & Mutations

You cannot be hasted, slowed, berserked, paralysed or teleported.
You can dig through walls and to a lower floor.
You have a pair of large antennae on your head. (SInv)
Your four strong arms can wield two-handed weapons with a shield.


Message History

Cheibriados raises the support of your attributes as your movement slows.
The manticore flicks its tail.
The volley of spikes skewers you but does no damage.
Your Fighting skill increases to level 10!
Your Maces & Flails skill increases to level 12!
Your Armour skill increases to level 10!
Your Invocations skill increases to level 7!
The manticore bites you! The manticore completely misses you.
The manticore closely misses you. The manticore bites you!
* * * LOW HITPOINT WARNING * * *
The manticore barely misses you. The manticore completely misses you.
You see here a +0 orcbow.
You hit the manticore.
The manticore is lightly wounded.
You bludgeon the manticore!!
The manticore is heavily wounded.
The manticore bites you but does no damage.
You block the manticore's attack.
The manticore claws you but does no damage.
You hit the manticore.
The manticore is heavily wounded.
The manticore closely misses you.
The manticore claws you but does no damage.
The manticore claws you.
* * * LOW HITPOINT WARNING * * *
You closely miss the manticore.
The manticore is heavily wounded.
The manticore barely misses you. The manticore closely misses you.
The manticore claws you but does no damage.
You hit the manticore but do no damage.
The manticore is heavily wounded.
The manticore bites you but does no damage.
The manticore claws you!
* * * LOW HITPOINT WARNING * * *
You block the manticore's attack.
You bludgeon the manticore!!
The manticore is almost dead.
The manticore bites you!
You die...
Cheibriados appreciates the motionlessness of death.

▓+▓
▓.▓
▓.▓
▓o▓
{
▓z▓
▓H▓
▓@▓
▓)▓
▓.▓
▓.▓
▓.▓
▓.▓
▓.▓
▓[▓
▓'▓


You could see a skeletal warrior, a manticore and an orc wizard.

Vanquished Creatures
  A two-headed ogre (D)
  A centaur warrior (D)
  A manticore (D)
  2 trolls (D)
  A wyvern (D)
  An acid dragon (D)
  2 orc warriors (D)
  A howler monkey (D)
  2 hounds (D)
  An iguana (D)
  An orc (D)
  2 ball pythons (D)
  A bat (D)
  A kobold (D)
  A rat (D)
19 creatures vanquished.

Notes
Turn   | Place    | Note
-------+----------+-------------------------------------------
     0 | D        | adelrune the Formicid Fighter began the quest for the Orb.
     0 | D        | Reached XP level 1. HP: 18/18 MP: 1/1
    37 | D        | Noticed a hound
    37 | D        | Noticed an iguana
    37 | D        | Noticed a howler monkey
    37 | D        | Noticed a hound
    49 | D        | Killed a hound
    50 | D        | Reached skill level 4 in Maces & Flails
    50 | D        | Reached skill level 1 in Dodging
    50 | D        | Reached skill level 5 in Shields
    50 | D        | Reached XP level 2. HP: 15/25 MP: 2/2
    50 | D        | Reached XP level 3. HP: 18/30 MP: 3/3
    60 | D        | Reached XP level 4. HP: 26/38 MP: 4/4
    67 | D        | Reached skill level 5 in Fighting
    67 | D        | Reached skill level 5 in Maces & Flails
    67 | D        | Reached skill level 5 in Armour
    71 | D        | Reached XP level 5. HP: 24/44 MP: 5/5
   148 | D        | Found a roughly hewn altar of Beogh.
   148 | D        | Found a snail-covered altar of Cheibriados.
   148 | D        | Found a shadowy altar of Dithmenos.
   148 | D        | Found a white marble altar of Elyvilon.
   148 | D        | Found a blossoming altar of Fedhas.
   148 | D        | Found an opulent altar of Gozag.
   149 | D        | Found a hazy altar of Hepliaklqana.
   150 | D        | Found a viscous altar of Jiyva.
   151 | D        | Found an ancient bone altar of Kikubaaqudgha.
   152 | D        | Became a worshipper of Cheibriados the Contemplative
   153 | D        | Found a corrupted altar of Lugonu.
   154 | D        | Found a burning altar of Makhleb.
   155 | D        | Found a sparkling altar of Nemelex Xobeh.
   156 | D        | Found an iron altar of Okawaru.
   157 | D        | Found a stormy altar of Qazlal.
   158 | D        | Found a sacrificial altar of Ru.
   159 | D        | Found a shimmering blue altar of Sif Muna.
   160 | D        | Found a bloodstained altar of Trog.
   161 | D        | Found a hide-covered altar of Uskayaw.
   162 | D        | Found a radiant altar of Vehumet.
   163 | D        | Found an ornate altar of the Wu Jian Council.
   164 | D        | Found a shimmering altar of Xom.
   165 | D        | Found a basalt altar of Yredelemnul.
   166 | D        | Found a glowing silver altar of Zin.
   167 | D        | Found a glowing golden altar of the Shining One.
   212 | D        | Noticed a troll
   212 | D        | Noticed a wyvern
   212 | D        | Noticed a troll
   212 | D        | Noticed an orc warrior
   212 | D        | Noticed an orc warrior
   212 | D        | Noticed an acid dragon
   223 | D        | Killed an acid dragon
   224 | D        | Reached skill level 7 in Maces & Flails
   224 | D        | Reached XP level 6. HP: 8/53 MP: 6/6
   233 | D        | Killed an orc warrior
   233 | D        | Reached * piety under Cheibriados
   234 | D        | Reached skill level 8 in Maces & Flails
   244 | D        | Killed an orc warrior
   245 | D        | Reached skill level 5 in Dodging
   245 | D        | Reached XP level 7. HP: 31/60 MP: 7/7
   256 | D        | Killed a troll
   257 | D        | Reached skill level 9 in Maces & Flails
   260 | D        | Killed a troll
   260 | D        | Reached ** piety under Cheibriados
   261 | D        | Reached XP level 8. HP: 19/68 MP: 5/10
   270 | D        | Killed a wyvern
   271 | D        | Reached skill level 10 in Maces & Flails
   455 | D        | Noticed a skeletal warrior
   455 | D        | Noticed a manticore
   455 | D        | Noticed a centaur warrior
   455 | D        | Noticed a two-headed ogre
   455 | D        | Noticed a manticore
   460 | D        | Killed a manticore
   461 | D        | Reached skill level 10 in Shields
   461 | D        | Reached skill level 5 in Invocations
   466 | D        | Killed a two-headed ogre
   466 | D        | Reached *** piety under Cheibriados
   467 | D        | Reached skill level 11 in Maces & Flails
   467 | D        | Reached XP level 9. HP: 39/77 MP: 11/13
   475 | D        | Killed a centaur warrior
   476 | D        | Reached skill level 10 in Fighting
   476 | D        | Reached skill level 12 in Maces & Flails
   476 | D        | Reached skill level 10 in Armour
   482 | D        | Mangled by a manticore

Illustrated notes

Levels and vault maps discovered:
D:        linesprint [early_d, line_temple, items_1, d_10, items_2, lair_1,
          lair_end, items_3, orc_1, orc_end, items_4, d_15, swamp_1, shoals_1,
          snake_1, spider_1, d_20, vaults_1, items_5, swamp_end, shoals_end,
          snake_end, spider_end, vaults_end, d_27, items_6, zot_1, zot_end,
          crypt_end, forest_end, elf_end, slime_end, tomb_end, abyss_end,
          pan_hell_end]

Skill      XL: |  1  2  3  4  5  6  7  8  9 |
---------------+----------------------------+-----
Fighting       | 4 5 6 7 8 9 10 | 10.0
Maces & Flails | 4 5 7 8 9 11 12 | 12.1
Armour         | 4 5 6 7 8 9 10 | 10.0
Dodging        | 1 2 3 4 5 7 |  7.5
Shields        | 5 6 7 8 9 11 | 11.5
Invocations    | 3 6 7 |  7.0

Action                     |  1- 3 |  4- 6 |  7- 9 || total
---------------------------+-------+-------+-------++-------
  Melee: Flail             |    49 |    11 |       ||    60
         Morningstar       |       |    29 |    46 ||    75
 Invoke: Bend Time         |       |       |     2 ||     2
    Use: Potion            |       |     2 |     2 ||     4
   Stab: Invisible         |       |       |     2 ||     2
 Armour: Scale mail        |    43 |     5 |       ||    48
         Plate armour      |       |    22 |    57 ||    79
  Dodge: Dodged            |    33 |    18 |    36 ||    87
  Block: Buckler           |    10 |    11 |    23 ||    44

Table legend: (Time is in decaauts)
 A = Elapsed time spent in this place.
 B = Non-inter-level travel time spent in this place.
 C = Inter-level travel time spent in this place.
 D = Time resting spent in this place.
 E = Time spent auto-exploring this place.
 F = Levels seen in this place.
 G = Mean time per level.
                   A        B        C        D        E       F      G
               +--------+--------+--------+--------+--------+-----+--------+
         Total |    515 |    515 |      0 |    247 |      0 |   1 |  515.0 |
       Dungeon |    515 |    515 |      0 |    247 |      0 |   1 |  515.0 |
               +--------+--------+--------+--------+--------+-----+--------+

Top non-repeatable levels by time:
       D: 515 daAuts
